 Dungeon Crawl Stone Soup version 0.17.0-28-g6e173f8 (webtiles) character file.

123117 lorenzova the Unseen (level 16, -7/60 HPs)
             Began as a Spriggan Enchanter on Dec 2, 2015.
             Was the Champion of Dithmenos.
             Mangled by a deep troll (21 damage)
             ... on level 1 of the Depths on Dec 3, 2015.
             The game lasted 02:09:25 (40935 turns).

lorenzova the Unseen (Spriggan Enchanter)          Turns: 40935, Time: 02:09:26

Health: -7/60      AC:  4    Str: 10    XL:     16   Next: 36%
Magic:  0/33       EV: 34    Int: 18    God:    Dithmenos [******]
Gold:   1278       SH:  0    Dex: 24    Spells: 4 memorised, 26 levels left

rFire  . . .     SeeInvis +     c - +3 quick blade (pierce)
rCold  . . .     Clarity  +     O - +1 robe {MR+}
rNeg   . . .     SustAt   .     (shield restricted)
rPois  +         Gourm    .     (helmet restricted)
rElec  .         Spirit   +     (no cloak)
rCorr  .         Warding  .     (gloves unavailable)
rMut   .         Stasis   .     (boots unavailable)
MR     ++++.                    H - amulet of guardian spirit
Stlth  ++++++++++               f - +6 ring of strength
                                U - ring of protection from magic

@: wreathed by umbra, studying Dodging, very quick, incredibly resistant to
hostile enchantments, uncannily stealthy
A: unfitting armour, antennae 1, claws 1, molten scales 1, see invisible, agile
1, clarity, herbivore 3, speed 3, frail 1, poison resistance, slow metabolism 2,
evolution 1
a: Shadow Step, Shadow Form, Renounce Religion


You were on level 1 of the Depths.
You worshipped Dithmenos.
Dithmenos was exalted by your worship.
You were full.

You visited 7 branches of the dungeon, and saw 31 of its levels.
You also visited: Labyrinth and Ossuary.

You collected 3243 gold pieces.
You spent 1965 gold pieces at shops.

Inventory:

Hand Weapons
 c - a +3 quick blade of piercing (weapon)
Armour
 O - a +1 robe of magic resistance (worn)
Jewellery
 f - a +6 ring of strength (right claw)
 y - the ring "Hiki" {+Fly rC- MR+ Str+4 Int+2}
   (You found it on level 12 of the Dungeon)

   [ring of flight]

   It affects your strength (+4).
   It affects your intelligence (+2).
   It makes you vulnerable to cold.
   It affects your resistance to hostile enchantments.
   It lets you fly.
 H - an amulet of guardian spirit (around neck)
 J - an uncursed ring of wizardry
 K - an uncursed ring of protection from fire
 P - an uncursed amulet of resist corrosion
 U - a ring of protection from magic (left claw)
Wands
 s - a wand of draining (15)
 L - a wand of cold (9)
 M - a wand of magic darts (13)
 Q - a wand of paralysis (6)
 S - a wand of polymorph (11)
 T - a wand of slowing (18)
 Z - a wand of slowing (14)
Scrolls
 a - 4 scrolls of recharging
 i - 5 scrolls of identify
 l - 9 scrolls of teleportation
 m - a scroll of fog
 p - 3 scrolls of blinking
 r - 10 scrolls of remove curse
 v - 6 scrolls of enchant weapon
 A - 2 scrolls of enchant armour
 G - 2 scrolls of fear
 R - 2 scrolls of magic mapping
 W - a scroll of silence {unknown}
Potions
 e - 5 potions of agility
 g - 2 potions of heal wounds
 h - 2 potions of magic
 j - 7 potions of curing
 n - 4 potions of flight
 o - 2 potions of resistance
 q - 5 potions of brilliance
 t - 2 potions of cure mutation
 u - a potion of mutation
 w - 3 potions of haste
 z - 5 potions of invisibility
 B - a potion of lignification
 D - 7 potions of berserk rage
 E - 4 potions of might
 F - a potion of cancellation
Books
 b - a manual of Dodging
 k - an Akashic Record

   Spells                             Type                      Level
   a - Dispersal                      Translocation                6
   b - Malign Gateway                 Summoning/Translocation      7
   c - Disjunction                    Translocation                8
   d - Controlled Blink               Translocation                8
 C - a book of the Earth

   Spells                             Type                      Level
   a - Leda's Liquefaction            Hexes/Earth                  4
   b - Bolt of Magma                  Conjuration/Fire/Earth       5
   c - Statue Form                    Transmutation/Earth          6
   d - Iron Shot                      Conjuration/Earth            6
   e - Shatter                        Earth                        9
 V - a book of Battle

   Spells                             Type                      Level
   a - Infusion                       Charms                       1
   b - Shroud of Golubria             Charms/Translocation         2
   c - Song of Slaying                Charms                       2
   d - Spectral Weapon                Hexes/Charms                 3
   e - Regeneration                   Charms/Necromancy            3
Comestibles
 d - 11 bread rations
 x - 4 slices of pizza
 I - 10 fruits


   Skills:
 - Level 12.9 Short Blades
 + Level 19.1 Dodging
 - Level 20.5 Stealth
 - Level 12.5 Spellcasting
 - Level 14.9 Hexes
 - Level 6.0 Charms
 * Level 4.5 Necromancy
 - Level 7.1 Invocations
 - Level 6.0 Evocations


You had 26 spell levels left.
You knew the following spells:

 Your Spells              Type           Power        Failure   Level  Hunger
a - Regeneration          Chrm/Necr      ####......   2%          3    None
b - Ensorcelled Hibernat  Hex/Ice        #####.       1%          2    None
c - Confuse               Hex            ######..     1%          3    None
i - Invisibility          Hex            ######..     1%          6    ######.


Dungeon Overview and Level Annotations

Branches:
Dungeon (15/15)            Temple (1/1) D:7            Lair (8/8) D:10
 Shoals (0/4) Lair:6        Snake (1/4) Lair:4        Slime (0/6) Lair:6
    Orc (4/4) D:12            Elf (1/3) Orc:3        Vaults (0/5) D:14
 Depths (1/5) D:15

Altars:
Ashenzari
Cheibriados
Dithmenos
Fedhas
Kikubaaqudgha
Makhleb
Nemelex Xobeh
Qazlal
Ru
Trog
Vehumet
Xom
Yredelemnul
Zin
The Shining One
Beogh
Jiyva

Shops:
D:5 ?   D:10 :   Orc:4 *=[(*

Annotations:
Snake:1 Frances


Innate Abilities, Weirdness & Mutations

You are tiny and cannot use many weapons and most armour.
You have supernaturally acute eyesight.
You are a herbivore.
You cover ground extremely quickly.
You need consume almost no food.
You have a pair of small antennae on your head.
You have sharp fingernails.
You are partially covered in molten scales (AC +1).
You are agile. (Dex +2)
You possess an exceptional clarity of mind.
You are frail (-10% HP).
Your system is resistant to poisons.
You evolve.


Message History

The deep troll completely misses you. The deep troll claws you!!
You emit a cloud of dark smoke.
The deep troll completely misses you.
Things that are here:
a giant club x2 a deep troll corpse You barely miss the deep troll.
The deep troll is moderately wounded.
Your shadow hits the deep troll but does no damage.
The deep troll shaman completely misses you. x2
The deep troll shaman claws you!
You see here a giant spiked club.
There is an open door here.
There is a dry fountain here.
Dithmenos accepts your kill.
You feel a bit more experienced.
There is a staircase back to the Dungeon here.
The deep troll bites you!
* * * LOW HITPOINT WARNING * * *
The deep troll completely misses you. The deep troll claws you!!
You die...

##### ######..[#
.....§§))##
#####§§§§§#####
#....##§##'...##
>.⌠. #§##..⌠T@#
#.. #T§§##...##
## #.T.######
#T..# ##>## ###


You could see a deep troll.

Vanquished Creatures
  Kirke (D:12)
  Maud (D:10)
  An orc warlord (Orc:4)
  A dire elephant (D:15)
  An ettin (D:12)
  Snorg (Orc:1)
  Erolcha (D:10)
  2 vault guards (D:14)
  A minotaur (Lab)
  2 ogre magi
  The ghost of Yermak the Covert, a journeyman OpAs of Dithmenos (Orc:4)
  The ghost of bollicks1999 the Blocker, a journeyman MiFi of Ru (D:10)
  9 hydras
  An anaconda (Snake:1)
  9 centaur warriors
  3 catoblepae (Lair:8)
  18 death yaks (Lair:8)
  2 deep troll earth magi
  2 tengu warriors (D:11)
  A shock serpent (Snake:1)
  2 orc high priests
  Nergalle (D:10)
  A shock serpent (shapeshifter) (D:12)
  3 unseen horrors
  A deep troll (Depths:1)
  2 deep elf summoners (Elf:1)
  7 hill giants
  A harpy (D:12)
  2 griffons
  A necromancer (Lair:7)
  3 orc sorcerers
  10 orc knights
  5 ugly things
  A manticore (D:14)
  2 salamanders
  21 elephants
  A naga mage (Snake:1)
  A siren (Lair:6)
  A gargoyle (D:14)
  10 black mambas
  5 cyclopes
  A kobold demonologist (D:13)
  15 spiny frogs
  2 fire drakes
  An efreet (D:14)
  2 tengu conjurers
  8 trolls
  10 komodo dragons
  A polar bear (Lair:7)
  Grinder (D:5)
  10 slime creatures (D:15)
  4 two-headed ogres
  20 blink frogs
  A boulder beetle (Lair:7)
  A trapdoor spider zombie (D:14)
  4 shadows
  3 deep elf magi
  37 yaks
  2 wyverns
  A trapdoor spider (D:15)
  A wraith (D:13)
  A basilisk (Lair:1)
  A human (D:14)
  11 wargs
  9 hippogriffs
  6 deep elf fighters
  12 wolves
  10 hungry ghosts
  9 porcupines
  17 water moccasins
  A mottled dragon (D:14)
  A soldier ant (D:13)
  Duvessa (D:5)
  The ghost of emiel the Ruffian, an amateur VSWn (D:5)
  2 sky beasts
  33 orc warriors
  An elephant zombie (Lair:7)
  2 wasps (Lair:5)
  A black bear (Lair:3)
  3 phantoms
  An eye of draining (D:8)
  3 necrophages
  3 boggarts (D:15)
  17 centaurs
  24 ogres
  A komodo dragon zombie (Lair:7)
  2 big kobolds
  32 giant frogs
  A brain worm (D:15)
  20 crocodiles
  An earth elemental (Lab)
  6 water moccasin zombies (Ossuary)
  Dowan (D:5)
  13 killer bees
  4 electric eels
  4 wights (D:11)
  A troll skeleton (D:11)
  3 spriggan skeletons (D:11)
  2 vampire bats (D:3)
  5 crimson imps
  3 centaur zombies
  5 centaur skeletons
  10 hounds
  3 giant frog zombies
  30 orc wizards
  A quasit (D:12)
  A giant frog skeleton (D:6)
  13 iguanas
  27 orc priests
  14 worker ants
  A killer bee zombie (D:6)
  30 sheep
  A crocodile zombie (Lair:7)
  2 big kobold zombies (Ossuary)
  3 worker ant zombies
  2 mummies (Ossuary)
  18 adders
  4 gnolls (D:6)
  6 shadow imps
  77 river rats
  12 white imps
  3 oozes
  An adder skeleton (D:9)
  6 worms
  3 giant geckos
  204 orcs
  3 ball pythons
  5 giant cockroaches
  2 gnoll zombies (Ossuary)
  6 hobgoblins
  31 kobolds
  2 quokkas
  A ball python zombie (D:5)
  11 bats
  4 giant newts
  12 goblins
  4 hobgoblin zombies (Ossuary)
  11 jackals
  A jackal zombie (D:5)
  6 kobold zombies (Ossuary)
  2 orc zombies (Ossuary)
  A quokka skeleton (D:4)
  6 rats
  A spectral orc (D:5)
  A butterfly (Lair:1)
  3 fungi
  6 plants
1130 creatures vanquished.

Vanquished Creatures (collateral kills)
  Blork the orc (D:5)
1 creature vanquished.

Vanquished Creatures (others)
  A human (D:12)
  A centaur (D:14)
  A water moccasin zombie (Ossuary)
  A killer bee (D:12)
  An adder zombie (Ossuary)
  An orc (Orc:2)
  2 gnoll zombies (Ossuary)
  A hobgoblin zombie (Ossuary)
  A kobold zombie (Ossuary)
  29 fungi
  10 plants
49 creatures vanquished.

Grand Total: 1180 creatures vanquished

Notes
Turn   | Place    | Note
--------------------------------------------------------------
     0 | D:1      | lorenzova the Spriggan Enchanter began the quest for the Orb.
     0 | D:1      | Reached XP level 1. HP: 9/9 MP: 5/5
   363 | D:1      | Reached XP level 2. HP: 7/13 MP: 7/7
   542 | D:1      | Learned a level 2 spell: Ensorcelled Hibernation
  1198 | D:2      | Reached XP level 3. HP: 16/16 MP: 3/9
  1266 | D:2      | Found a bloodstained altar of Trog.
  1345 | D:2      | Reached skill level 5 in Hexes
  1690 | D:2      | You fall through a shaft for 2 floors!
  1695 | D:4      | Reached XP level 4. HP: 21/21 MP: 10/10
  1700 | D:4      | Learned a level 3 spell: Confuse
  2743 | D:3      | Reached XP level 5. HP: 24/24 MP: 12/12
  2785 | D:3      | Reached skill level 6 in Hexes
  2837 | D:3      | Reached skill level 5 in Spellcasting
  3078 | D:3      | Reached XP level 6. HP: 28/28 MP: 7/14
  3681 | D:3      | Reached skill level 7 in Hexes
  3947 | D:4      | Found a snail-covered altar of Cheibriados.
  4967 | D:5      | Entered Level 5 of the Dungeon
  5030 | D:5      | Found Qahotauz's Magic Scroll Shop.
  5031 | D:5      | Noticed emiel's ghost (amateur VSWn)
  5059 | D:5      | Killed emiel's ghost
  5059 | D:5      | Reached skill level 8 in Hexes
  5059 | D:5      | Reached XP level 7. HP: 30/32 MP: 3/16
  5227 | D:5      | Noticed Duvessa
  5227 | D:5      | Noticed Dowan
  5242 | D:5      | Killed Dowan
  5271 | D:5      | Killed Duvessa
  5374 | D:5      | Found a sand-covered staircase.
  5376 | D:5      | Noticed Blork the orc
  5383 | D:5      | Got an ichor-stained dagger
  5387 | D:5      | Noticed a water moccasin
  5402 | D:5      | Killed Blork the orc
  5407 | D:5      | Killed a water moccasin
  5407 | D:5      | Reached skill level 9 in Hexes
  5506 | D:5      | Identified the +5 dagger of Lane {antimagic, *Corrode +Inv rF+ Dex+3} (You found it on level 5 of the Dungeon)
  5511 | Ossuary  | Entered an ossuary
  6079 | Ossuary  | Reached XP level 8. HP: 36/36 MP: 19/19
  6160 | Ossuary  | Reached skill level 10 in Hexes
  6604 | D:5      | Found a basalt altar of Yredelemnul.
  6705 | D:5      | Noticed Grinder
  6717 | D:5      | Paralysed by Grinder for 3 turns
  6734 | D:5      | Killed Grinder
  7431 | D:5      | Bought a scroll of enchant armour for 105 gold pieces
  7431 | D:5      | Bought a scroll of teleportation for 42 gold pieces
  7431 | D:5      | Bought a scroll of identify for 28 gold pieces
  7431 | D:5      | Bought a scroll of identify for 28 gold pieces
  7495 | D:5      | Reached skill level 11 in Hexes
  7613 | D:5      | Bought a scroll of identify for 28 gold pieces
  7613 | D:5      | Bought 3 scrolls of identify for 84 gold pieces
  7620 | D:5      | Gained mutation: You have an increased reservoir of magic (+10% MP). [potion of mutation]
  7620 | D:5      | Gained mutation: You are frail (-10% HP). [potion of mutation]
  7620 | D:5      | Gained mutation: You evolve. [potion of mutation]
  7919 | D:6      | Noticed a hill giant
  7962 | D:6      | Killed a hill giant
  7962 | D:6      | Reached XP level 9. HP: 14/35 MP: 4/25
  7968 | D:6      | Lost mutation: You have an increased reservoir of magic (+10% MP). [evolution]
  8169 | D:6      | Reached skill level 12 in Hexes
  8611 | D:6      | Reached skill level 5 in Stealth
  9322 | D:6      | Reached skill level 5 in Dodging
  9534 | D:6      | Gained mutation: You are partially covered in molten scales (AC +1). [evolution]
  9816 | D:7      | Found a staircase to the Ecumenical Temple.
  9832 | Temple   | Entered the Ecumenical Temple
  9841 | Temple   | Became a worshipper of Dithmenos the Shadowed
 10207 | D:7      | You fall through a shaft!
 10897 | D:8      | You fall through a shaft for 3 floors!
 10919 | D:11     | Noticed a hill giant
 11000 | D:11     | Killed a hill giant
 11027 | D:10     | Entered Level 10 of the Dungeon
 11073 | D:10     | Reached XP level 10. HP: 39/39 MP: 17/23
 11121 | D:11     | Found a frozen archway.
 11123 | D:11     | Noticed a white ugly thing
 11333 | D:10     | Reached * piety under Dithmenos
 11614 | D:11     | Reached skill level 10 in Stealth
 12823 | D:9      | Found a shimmering altar of Xom.
 12823 | D:9      | Noticed an angel
 12825 | D:9      | Found a glowing silver altar of Zin.
 12957 | D:9      | Gained mutation: You have sharp fingernails. [evolution]
 12987 | D:9      | Found an ancient bone altar of Kikubaaqudgha.
 13025 | D:9      | Reached skill level 10 in Dodging
 13027 | D:9      | Found a sparkling altar of Nemelex Xobeh.
 13499 | D:10     | Noticed bollicks1999's ghost (journeyman MiFi)
 13598 | D:10     | Noticed Nergalle
 13622 | D:10     | Killed Nergalle
 13719 | D:10     | Found Koblyix's Book Shop.
 13984 | D:10     | Reached ** piety under Dithmenos
 14109 | D:10     | Noticed Erolcha
 14129 | D:10     | Killed Erolcha
 14129 | D:10     | Reached skill level 13 in Stealth
 14211 | D:10     | Found a staircase to the Lair.
 14223 | D:10     | Killed bollicks1999's ghost
 14223 | D:10     | Reached XP level 11. HP: 35/42 MP: 15/24
 14302 | D:10     | Noticed Maud
 14616 | D:10     | Noticed a centaur skeleton
 14630 | D:10     | Killed a centaur skeleton
 14661 | D:10     | Killed Maud
 14661 | D:10     | Reached skill level 14 in Stealth
 15102 | D:11     | Noticed a tengu warrior
 15446 | D:11     | Noticed a hill giant
 15462 | D:11     | Killed a hill giant
 15592 | D:11     | Noticed an unseen horror
 15593 | D:11     | Noticed a tengu warrior
 15599 | D:11     | Killed an unseen horror
 15618 | D:11     | Killed a tengu warrior
 15627 | D:11     | Killed a tengu warrior
 15627 | D:11     | Reached skill level 10 in Spellcasting
 15724 | D:11     | Killed a white ugly thing
 15949 | Lair:1   | Entered Level 1 of the Lair of Beasts
 15949 | Lair:1   | Noticed a five-headed hydra
 15961 | Lair:1   | Killed a five-headed hydra
 15961 | Lair:1   | Reached *** piety under Dithmenos
 16156 | Lair:1   | Reached skill level 15 in Stealth
 16166 | Lair:1   | Identified the Papyrus of Hurtful Stones
 16415 | Lair:1   | Reached XP level 12. HP: 36/45 MP: 21/27
 16529 | Lair:1   | Learned a level 6 spell: Invisibility
 17593 | Lair:2   | Reached **** piety under Dithmenos
 17798 | Lair:2   | Gained mutation: You are agile. (Dex +2) [evolution]
 19770 | Lair:4   | Noticed a four-headed hydra
 19801 | Lair:4   | Killed a four-headed hydra
 19914 | Lair:4   | Found a staircase to the Snake Pit.
 20038 | Lair:4   | Reached skill level 16 in Stealth
 20793 | Lair:5   | Reached ***** piety under Dithmenos
 21138 | Lair:5   | Reached XP level 13. HP: 49/49 MP: 30/30
 22269 | Lair:6   | Reached skill level 5 in Short Blades
 22456 | Lair:6   | Found a viscous altar of Jiyva.
 22457 | Lair:6   | Found a staircase to the Slime Pits.
 22863 | Lair:6   | Gained mutation: You have a pair of small antennae on your head. [evolution]
 23022 | Lair:6   | Found a staircase to the Shoals.
 23322 | Lair:6   | Reached skill level 17 in Stealth
 24768 | Lair:7   | Got a vibrating marble ring
 25002 | Lair:6   | Identified the ring "Zehucod" {rPois rF+ Str-2 Int+6} (You found it on level 7 of the Lair of Beasts)
 25531 | Lair:7   | Reached skill level 15 in Dodging
 25838 | Lair:8   | Entered Level 8 of the Lair of Beasts
 26730 | Lair:8   | Reached ****** piety under Dithmenos
 26890 | Lair:8   | Gained mutation: Your system is resistant to poisons. [evolution]
 26997 | Lair:8   | Reached XP level 14. HP: 53/53 MP: 15/31
 27128 | Lair:8   | Reached skill level 18 in Stealth
 27635 | Lair:8   | Reached skill level 10 in Short Blades
 28568 | Lair:8   | Reached skill level 19 in Stealth
 29433 | Lair:2   | Identified 3 scrolls of acquirement
 29492 | Lair:2   | Got a transparent buckler
 29498 | Lair:2   | Identified the +1 buckler of the Orb {rElec rCorr Int+2 Dex-5 SInv} (You acquired it on level 2 of the Lair of Beasts)
 30073 | D:12     | Found a runed door.
 30077 | D:12     | Noticed a deep troll earth mage
 30079 | D:12     | Killed a deep troll earth mage
 30082 | D:12     | Noticed a centaur warrior
 30085 | D:12     | Killed a centaur warrior
 30095 | D:12     | Noticed an ettin
 30095 | D:12     | Noticed a shock serpent
 30097 | D:12     | Killed a shock serpent
 30099 | D:12     | Killed an ettin
 30110 | D:12     | Got a clouded lead ring
 30117 | D:12     | Identified the ring "Hiki" {+Fly rC- MR+ Str+4 Int+2} (You found it on level 12 of the Dungeon)
 30291 | D:12     | Noticed Kirke
 30299 | D:12     | Killed Kirke
 30299 | D:12     | Reached XP level 15. HP: 56/56 MP: 32/32
 30363 | D:12     | Found a staircase to the Orcish Mines.
 31040 | Orc:1    | Entered Level 1 of the Orcish Mines
 31297 | Orc:1    | Noticed Snorg
 31314 | Orc:1    | Killed Snorg
 31675 | Orc:2    | Reached skill level 1 in Evocations
 31800 | Orc:2    | Found a roughly hewn altar of Beogh.
 32204 | Orc:3    | Reached skill level 1 in Invocations
 32329 | Orc:3    | Found a roughly hewn altar of Beogh.
 32805 | Orc:2    | Gained mutation: You possess an exceptional clarity of mind. [evolution]
 33022 | Orc:3    | Found a staircase to the Elven Halls.
 33859 | Orc:4    | Entered Level 4 of the Orcish Mines
 33918 | Orc:4    | Noticed Yermak's ghost (journeyman OpAs)
 33920 | Orc:4    | Found a roughly hewn altar of Beogh.
 33946 | Orc:4    | Found a labyrinth entrance.
 34027 | Lab      | Entered a labyrinth
 34620 | Orc:4    | Killed Yermak's ghost
 34682 | Orc:4    | Reached skill level 5 in Evocations
 34755 | Orc:4    | Found Funainn's General Store.
 34787 | Orc:4    | Found Helory's Antique Armour Shop.
 34828 | Orc:4    | Found Lqawoyrgh's Luxury Loot.
 35105 | Orc:4    | Found Nuahy's Jewellery Shop.
 35124 | Orc:4    | Bought a scroll of blinking for 105 gold pieces
 35133 | Orc:4    | Found Vivogg's Antique Weapon Shop.
 35675 | D:10     | Bought a manual of Dodging for 1545 gold pieces
 36061 | D:13     | Reached skill level 20 in Stealth
 36266 | D:14     | Reached skill level 5 in Invocations
 36618 | D:14     | Found a gate to the Vaults.
 37595 | D:15     | Entered Level 15 of the Dungeon
 37780 | D:15     | Learned a level 3 spell: Regeneration
 37792 | D:15     | Found a sacrificial altar of Ru.
 37833 | D:15     | Reached skill level 1 in Charms
 37833 | D:15     | Reached XP level 16. HP: 60/60 MP: 23/33
 37864 | D:15     | Reached skill level 1 in Necromancy
 38534 | D:15     | Found a staircase to the Depths.
 39451 | Elf:1    | Entered Level 1 of the Elven Halls
 39452 | Elf:1    | Reached skill level 5 in Charms
 39662 | Elf:1    | Noticed a Shadow Fiend
 39664 | Elf:1    | Noticed a Brimstone Fiend
 40010 | Snake:1  | Entered Level 1 of the Snake Pit
 40234 | Snake:1  | Noticed Frances
 40890 | Depths:1 | Entered Level 1 of the Depths
 40935 | Depths:1 | Mangled by a deep troll

Action                   |  1- 3 |  4- 6 |  7- 9 | 10-12 | 13-15 | 16-18 || total
-------------------------+-------+-------+-------+-------+-------+-------++-------
Melee: Dagger            |   132 |   225 |   477 |   189 |   646 |       ||  1669
       Rapier            |       |       |       |   673 |   441 |       ||  1114
       Quick blade       |       |       |       |       |  1069 |   295 ||  1364
 Cast: Ensorcelled Hiber |     7 |    32 |    39 |   115 |   111 |    15 ||   319
       Confuse           |       |    27 |    57 |   122 |   166 |    35 ||   407
       Invisibility      |       |       |       |       |     8 |     3 ||    11
  Use: Scroll            |       |     4 |    13 |     7 |    22 |       ||    46
       Potion            |       |       |     3 |       |     3 |       ||     6
 Stab: Sleeping          |    17 |    34 |    48 |   114 |   255 |    45 ||   513
       Confused          |       |     9 |    45 |    83 |    98 |    11 ||   246
       Distracted        |       |     2 |     3 |     2 |    17 |     2 ||    26
       Invisible         |       |       |       |       |    98 |     8 ||   106
  Eat: Fruit             |       |     2 |       |     8 |     6 |     9 ||    25
       Bread ration      |       |     1 |     1 |       |     1 |       ||     3
       Royal jelly       |       |       |       |       |     5 |     1 ||     6
